 Dungeon Crawl Stone Soup version 0.29-a0-284-gf9362112df (webtiles) character file.

Game seed: 8224783591075095113

7743 croobank the Protected (level 11, -12/141 HPs)
             Began as a Hill Orc Fighter on Mar 29, 2022.
             Was a Priest of Beogh.
             Mangled by Snorg (14 damage)
             ... on level 10 of the Dungeon.
             The game lasted 00:40:04 (12780 turns).

croobank the Protected (Hill Orc Fighter)          Turns: 12780, Time: 00:40:04

Health: -12/141    AC: 20    Str: 24    XL:     11   Next: 20%
Magic:  17/17      EV:  8    Int:  8    God:    Beogh [***...]
Gold:   546        SH: 10    Dex: 10    Spells: 10/10 levels left

rFire   . . .      SeeInvis .   a - +1 broad axe
rCold   . . .      Faith    .   c - +0 buckler
rNeg    + . .      Spirit   .   J - +5 chain mail
rPois   .          Reflect  +   (no helmet)
rElec   .          Harm     .   u - +0 cloak
rCorr   .          Rampage  .   v - +1 pair of gloves
Will    .....                   (no boots)
Stlth   ..........              y - amulet of reflection
HPRegen 0.33/turn               s - ring of wizardry
MPRegen 0.15/turn               D - ring of positive energy

@: berserking (expiring), very quick
A: no striking features
a: Renounce Religion, Smiting


You were on level 10 of the Dungeon.
You worshipped Beogh.
Beogh was most pleased with you.
You visited 2 branches of the dungeon, and saw 12 of its levels.

You collected 600 gold pieces.
You spent 54 gold pieces at shops.

Inventory:

Hand Weapons
 a - a +1 broad axe (weapon)
 b - a +0 hunting sling
 d - a +0 arbalest
 g - a +0 battleaxe
 k - a +1 short sword of venom
 o - a +2 dagger of venom
 B - a +2 flail of draining
 E - a +2 vorpal trident
 G - a +0 war axe
 O - a +1 hand axe of freezing
Missiles
 h - 410 stones (quivered)
 r - 7 poisoned darts
 w - 8 boomerangs
 H - a throwing net
 I - 2 silver boomerangs
Armour
 c - a +0 buckler (worn)
 i - a +0 plate armour
 l - the -1 pair of gloves of Qexuuk {rElec rF+++ Int+4 Slay-6}
   (You found it on level 8 of the Dungeon)

   Int:       It affects your intelligence (+4).
   Slay:      It affects your accuracy & damage with ranged weapons and melee
   (-6).
   rF:        It renders you almost immune to fire.
   rElec:     It insulates you from electricity.
 t - a +2 ring mail of poison resistance
 u - a +0 cloak (worn)
 v - a +1 pair of gloves (worn)
 J - a +5 chain mail (worn)
Jewellery
 s - a ring of wizardry (left hand)
 y - an amulet of reflection (around neck)
 D - a ring of positive energy (right hand)
Wands
 p - a wand of flame (14)
 q - a wand of acid (3)
 x - a wand of polymorph (8)
Scrolls
 f - 2 scrolls of immolation
 C - a scroll of teleportation
 F - a scroll of fear
 K - a scroll of enchant weapon
Potions
 e - 7 potions of curing
 j - a potion of ambrosia
 m - 2 potions of flight
 z - a potion of invisibility
 A - a potion of cancellation


   Skills:
 - Level 8.2 Fighting
 - Level 6.9(10.2) Axes
 * Level 9.9(10.6) Maces & Flails
 + Level 10.0 Armour
 - Level 6.2 Shields
 + Level 9.0 Invocations


You had 10 spell levels left.
You didn't know any spells.
Your spell library contained the following spells:

 Spells                   Type           Power      Damage    Failure   Level
 Animate Skeleton         Necr           0%         N/A       71%         1
 Pain                     Necr           0%         1d4       71%         1
 Dazzling Flash           Conj/Hex       0%         N/A       96%         3
 Vampiric Draining        Necr           0%         2d6       96%         3
 Anguish                  Hex/Necr       0%         N/A       100%        4
 Animate Dead             Necr           0%         N/A       100%        4
 Fulminant Prism          Conj/Hex       0%         3d6       100%        4
 Iskenderun's Mystic Bla  Conj/Tloc      0%         2d3       100%        4
 Summon Ice Beast         Ice/Summ       0%         N/A       100%        4
 Summon Lightning Spire   Summ/Air       0%         N/A       100%        4
 Agony                    Necr           0%         N/A       100%        5
 Excruciating Wounds      Necr           0%         N/A       100%        5
 Irradiate                Conj/Tmut      0%         3d13      100%        5
 Starburst                Conj/Fire      0%         6d3       100%        6
 Chain Lightning          Conj/Air       0%         N/A       100%        9


Dungeon Overview and Level Annotations

Branches:
Dungeon (11/15)            Temple (1/1) D:4             Orc (0/2) D:9
   Lair: D:8-11

Altars:
Fedhas
Gozag
Kikubaaqudgha
Makhleb
Nemelex Xobeh
Okawaru
Ru
Trog
Vehumet
The Shining One

Shops:
D:2 *

Annotations:
D:3 3 runed translucent doors, IEatYoBabies's ghost, amateur OpVM
D:10 Snorg


Message History

Snorg claws you.
You closely miss Snorg.
Snorg is moderately wounded.
Snorg bites you but does no damage. Snorg claws you. Snorg claws you!
You slice Snorg!!
Snorg is heavily wounded.
Snorg bites you but does no damage. Snorg claws you but does no damage.
You block Snorg's attack.
You slash Snorg!
Snorg is heavily wounded.
You block Snorg's attack. Snorg barely misses you. You block Snorg's attack.
You are too berserk!
You slash Snorg!
Snorg is heavily wounded.
You block Snorg's attack. x2; Snorg claws you.
You closely miss Snorg.
Snorg is heavily wounded.
Snorg barely misses you. Snorg claws you but does no damage.
Snorg closely misses you.
You slash Snorg!
Snorg is severely wounded.
You block Snorg's attack. x2; Snorg barely misses you.
You hit Snorg.
Snorg is severely wounded.
Snorg bites you.
* * * LOW HITPOINT WARNING * * *
Snorg claws you but does no damage. Snorg claws you!
* * * LOW HITPOINT WARNING * * *
You barely miss Snorg.
Snorg is severely wounded.
You block Snorg's attack. Snorg claws you.
* * * LOW HITPOINT WARNING * * *
Snorg claws you.
* * * LOW HITPOINT WARNING * * *
You hit Snorg.
Snorg is severely wounded.
Snorg bites you!!
* * * LOW HITPOINT WARNING * * *
Snorg claws you!
You die...

###...##########....####......)..
##.## #.#.## ##.......# #.# #.###
##.....## #.# #.# ##...## #.# #.#
##+## #.# #.# .# #.# #.# #@# ####
#T# .... #Y# #### #YY.Y...#
####YY### Y... ####. #.# ..##.#
..#.#


You could see Snorg (berserk) and 3 yaks.

Vanquished Creatures
  A two-headed ogre (D:9)
  Joseph (D:7)
  2 trolls
  A hornet (D:8)
  Prince Ribbit (D:6)
  15 yaks
  2 wyverns
  A steam dragon (D:7)
  Menkaure (D:7)
  An acid dragon (D:9)
  A black bear (D:6)
  5 orc warriors
  2 ice beasts
  An ogre (D:5)
  A centaur (D:8)
  A kobold brigand (D:8)
  Blork the orc (D:5)
  2 gnoll sergeants
  2 necrophages
  A bullfrog (D:8)
  4 scorpions
  3 wights (D:6)
  3 killer bees (D:8)
  A howler monkey (D:5)
  5 orc priests
  4 hounds
  2 jellies
  5 iguanas
  9 orc wizards
  17 gnolls
  9 adders
  3 ufetubi
  3 worms
  4 dart slugs
  42 orcs
  8 ball pythons
  A bat zombie (D:8)
  6 endoplasms
  4 giant cockroaches
  8 goblins
  7 hobgoblins
  12 jackals
  4 quokkas
  5 bats
  5 frilled lizards
  8 kobolds
  5 rats
  A rat zombie (D:8)
231 creatures vanquished.

Vanquished Creatures (collateral kills)
  A kobold demonologist (D:9)
  An orc warrior (D:9)
  An orc (D:9)
3 creatures vanquished.

Vanquished Creatures (others)
  An orc warrior (D:9)
  An orc priest (D:5)
  5 orcs (D:9)
  24 plants (D:7)
31 creatures vanquished.

Grand Total: 265 creatures vanquished

Notes
Turn   | Place    | Note
-------+----------+-------------------------------------------
     0 | D:1      | croobank the Hill Orc Fighter began the quest for the Orb.
     0 | D:1      | Reached XP level 1. HP: 19/19 MP: 1/1
    10 | D:1      | Found a faded altar of an unknown god.
   215 | D:1      | Reached XP level 2. HP: 27/27 MP: 2/2
   365 | D:1      | Reached XP level 3. HP: 33/33 MP: 3/3
  1108 | D:2      | Found Faaric's Assorted Antiques.
  1117 | D:2      | Reached XP level 4. HP: 37/40 MP: 4/4
  1147 | D:2      | Reached skill level 4 in Armour
  1188 | D:2      | Bought a scroll labelled HOLISY FASA for 18 gold pieces
  1188 | D:2      | Bought a scroll of identify for 36 gold pieces
  1585 | D:3      | Found a runed translucent gate.
  1586 | D:3      | Found a runed translucent gate.
  1587 | D:3      | Found a runed translucent gate.
  1588 | D:3      | Noticed IEatYoBabies's ghost (amateur OpVM)
  1589 | D:3      | Found an opulent altar of Gozag.
  1702 | D:3      | Found a sparkling altar of Nemelex Xobeh.
  2958 | D:4      | Reached XP level 5. HP: 47/47 MP: 5/5
  3152 | D:4      | Found a staircase to the Ecumenical Temple.
  3165 | Temple   | Entered the Ecumenical Temple
  3555 | D:4      | Reached XP level 6. HP: 41/55 MP: 6/6
  3950 | D:4      | Reached skill level 5 in Fighting
  4427 | D:5      | Entered Level 5 of the Dungeon
  4453 | D:5      | Reached skill level 5 in Axes
  4682 | D:5      | Noticed a troll
  4692 | D:5      | Killed a troll
  4693 | D:5      | Reached skill level 5 in Armour
  4693 | D:5      | Reached skill level 5 in Shields
  4693 | D:5      | Reached XP level 7. HP: 28/62 MP: 7/7
  4867 | D:5      | Found a burning altar of Makhleb.
  4948 | D:5      | Found a glowing golden altar of the Shining One.
  5324 | D:5      | Reached XP level 8. HP: 56/71 MP: 8/8
  5422 | D:5      | Became a worshipper of Beogh the Brigand
  5425 | D:5      | Reached skill level 6 in Armour
  5442 | D:5      | Got Ladgha's Advanced Hermeneutics
  5564 | D:5      | Noticed Blork the orc
  5577 | D:5      | Killed Blork the orc
  6064 | D:6      | Reached skill level 1 in Invocations
  6079 | D:6      | Reached skill level 1 in Maces & Flails
  6445 | D:6      | Found a sacrificial altar of Ru.
  6560 | D:6      | Reached XP level 9. HP: 61/79 MP: 11/11
  6659 | D:6      | Reached * piety under Beogh
  6660 | D:6      | Reached skill level 7 in Armour
  6694 | D:6      | Noticed Prince Ribbit
  6704 | D:6      | Killed Prince Ribbit
  7208 | D:6      | Found a bloodstained altar of Trog.
  7209 | D:6      | Found an iron altar of Okawaru.
  8099 | D:7      | Noticed Joseph
  8108 | D:7      | Killed Joseph
  8109 | D:7      | Reached skill level 5 in Invocations
  8153 | D:7      | Noticed Menkaure
  8166 | D:7      | Reached skill level 5 in Maces & Flails
  8168 | D:7      | Killed Menkaure
  8169 | D:7      | Reached skill level 8 in Armour
  9197 | D:7      | Got the Tome of Attacks and Air
  9502 | D:8      | Identified the -1 pair of gloves of Qexuuk {rElec rF+++
                  | Int+4 Slay-6}
  9550 | D:8      | Reached ** piety under Beogh
  9557 | D:8      | Reached XP level 10. HP: 65/88 MP: 14/14
 10282 | D:8      | You fall into a shaft and drop 3 floors!
 10291 | D:10     | Entered Level 10 of the Dungeon
 10711 | D:8      | Found an ancient bone altar of Kikubaaqudgha.
 10834 | D:8      | Found a blossoming altar of Fedhas.
 11014 | D:8      | Reached skill level 9 in Armour
 11606 | D:9      | Found a radiant altar of Vehumet.
 12010 | D:8      | Reached *** piety under Beogh
 12253 | D:9      | Found a staircase to the Orcish Mines.
 12289 | D:9      | Noticed a two-headed ogre
 12296 | D:9      | Killed a two-headed ogre
 12297 | D:9      | Reached XP level 11. HP: 70/94 MP: 17/17
 12430 | D:9      | Noticed a skeletal warrior
 12432 | D:9      | Noticed a skeletal warrior
 12432 | D:9      | Noticed a skeletal warrior
 12432 | D:9      | Noticed a skeletal warrior
 12734 | D:10     | Noticed Snorg
 12770 | D:10     | Reached skill level 10 in Armour
 12780 | D:10     | HP: 2/141 [Snorg (22)]
 12780 | D:10     | Mangled by Snorg

Illustrated notes

Levels and vault maps discovered:
D:1:      psy_arrival_whirlpool, layout_rooms, hellmonk_ecumenical_altar_blasted
D:2:      layout_basic, serial_shops, nicolae_shop_trees, minmay_misc_feat_tower
D:3:      layout_basic, mainiacjoe_overflow_brackets, nemelex_altar_shiori,
          gammafunk_ghost_necromancy, corexii_shack, st_stairs_3
D:4:      layout_cave_pods, minmay_temple_entry_ruins
D:5:      minmay_clustersquares, layout_loops_ring,
          nicolae_tso_carved_into_rock, lemuel_doored_altar, uniq_blork_the_orc
D:6:      layout_loops_ring, hangedman_ru_absence,
          grunt_temple_overflow_bloody_war, uniq_prince_ribbit1
D:7:      wad_woods_pond, layout_basic, chequers_ossuary_entry_cave,
          moated_statue, bh_walls_and_bars, uniq_joseph, uniq_menkaure
D:8:      layout_rooms, lemuel_zombie_altar_kikubaaqudgha, fedhas_altar_4,
          minmay_misc_feat_roman
D:9:      layout_rooms, mainiacjoe_overflow_paths, hiddenorc1_lemuel,
          serial_shops, nicolae_shop_trees, ebering_dispersal_statue_hall
D:10:     layout_loops_corners, kennysheep_mini,
          mainiacjoe_overflow_cross_hatched, dpeg_oklobed_lair, serial_shops,
          nicolae_shop_hallway_stairs, the_hattery, uniq_snorg
D:11:     layout_long_grid, serial_glass, glass_columns_a, glass_columns_a
Temple:   jpeg_temple_alley_garden

Skill      XL: |  1  2  3  4  5  6  7  8  9 10 11 |
---------------+----------------------------------+-----
Axes           | 3 4 5 6 |  6.9
Fighting       | 4 5 6 7 8 |  8.2
Armour         | 4 5 6 8 9 10 | 10.0
Shields        | 4 5 6 |  6.2
Invocations    | 3 6 8 9 |  9.0
Maces & Flails | 2 6 9 |  9.9

Action                   |  1- 3 |  4- 6 |  7- 9 | 10-12 || total
-------------------------+-------+-------+-------+-------++-------
Melee: War axe           |   102 |   168 |   272 |       ||   542
       Broad axe         |       |       |    69 |   260 ||   329
Throw: Dart              |       |     9 |    10 |     3 ||    22
       Stone             |       |       |     2 |       ||     2
       Boomerang         |       |       |       |     2 ||     2
Invok: Convert to Beogh  |       |       |     1 |       ||     1
  Use: Scroll            |     5 |     7 |     7 |     2 ||    21
       Potion            |       |       |     2 |     4 ||     6
Armor: Scale mail        |    58 |    86 |   118 |       ||   262
       Chain mail        |       |       |    36 |   170 ||   206
Dodge: Dodged            |    60 |   101 |   108 |    97 ||   366
Block: Buckler           |    26 |    40 |   186 |   152 ||   404
       Reflection        |       |       |     2 |     5 ||     7

Table legend: (Time is in decaauts)
 A = Elapsed time spent in this place.
 B = Non-inter-level travel time spent in this place.
 C = Inter-level travel time spent in this place.
 D = Time resting spent in this place.
 E = Time spent auto-exploring this place.
 F = Levels seen in this place.
 G = Mean time per level.
                   A        B        C        D        E       F      G
               +--------+--------+--------+--------+--------+-----+--------+
         Total |  13004 |  12786 |    218 |   3920 |   6092 |  12 | 1083.7 |
       Dungeon |  12579 |  12361 |    218 |   3524 |   6092 |  11 | 1143.5 |
        Temple |    425 |    425 |      0 |    396 |      0 |   1 |  425.0 |
               +--------+--------+--------+--------+--------+-----+--------+

Top non-repeatable levels by time:
     D:7: 2094 daAuts
     D:8: 2005 daAuts
     D:5: 1630 daAuts
     D:6: 1398 daAuts
     D:3: 1371 daAuts
     D:4: 1226 daAuts
     D:1: 809 daAuts
     D:9: 714 daAuts
     D:2: 687 daAuts
    D:10: 631 daAuts
  Temple: 425 daAuts
    D:11: 8 daAuts
